 Dungeon Crawl Stone Soup version 0.26-a0-639-g72c4674329 (webtiles) character file.

Game seed: 14011924379318773485

153 Peloso the Skirmisher (level 5, -2/42 HPs)
             Began as a Demonspawn Fighter on Sept 18, 2020.
             Succumbed to Sigmund's poison
             ... on level 2 of the Dungeon.
             The game lasted 00:04:41 (1667 turns).

Peloso the Skirmisher (Demonspawn Fighter)          Turns: 1667, Time: 00:04:41

Health: -2/42      AC:  8    Str: 17 (18) XL:     5   Next: 12%
Magic:  5/5        EV:  7    Int:  8 (9)  God:
Gold:   119        SH: 10    Dex: 11 (12) Spells: 4/4 levels left

rFire    + . .     SeeInvis .   a - +0 long sword
rCold    . . .     Faith    .   c - +1 kite shield
rNeg     . . .     Spirit   .   b - +0 scale mail
rPois    .         Reflect  .   f - +2 hat
rElec    .         Harm     .   (no cloak)
rCorr    .         Rampage  .   (no gloves)
MR       .....                  (no boots)
Stlth    ..........             (no amulet)
HPRegen  0.14/turn              (no ring)
MPRegen  0.09/turn              (no ring)

@: lethally poisoned (-2 -> -41), very slightly contaminated, invisible
A: fire resistance 1, powered by death 2
a: no special abilities


You were on level 2 of the Dungeon.
You visited 1 branch of the dungeon, and saw 2 of its levels.

You collected 119 gold pieces.

Inventory:

Hand Weapons
 a - a +0 long sword (weapon)
Armour
 b - a +0 scale mail (worn)
 c - a +1 kite shield (worn)
 f - a +2 hat (worn)
Scrolls
 g - a scroll of fear
 j - a scroll of remove curse
 k - a scroll of enchant armour
Potions
 h - 2 potions of brilliance


   Skills:
 + Level 3.6 Fighting
 + Level 2.7 Long Blades
 + Level 3.5 Armour
 + Level 0.5 Dodging
 + Level 3.5 Shields


You had 4 spell levels left.
You didn't know any spells.
Your spell library was empty.

Dungeon Overview and Level Annotations

Branches:
Dungeon (2/15)

Altars:
Kikubaaqudgha
Ru
Wu Jian

Annotations:
D:2 Sigmund


Innate Abilities, Weirdness & Mutations

Your flesh is heat resistant. (rF+)
You regenerate health from kills.


Message History

There was something very wrong with that liquid.
You feel weakened.
You feel dopey.
You feel clumsy.
You feel very sick.
You hear some strange, mumbled words.
A puff of flame appears from out of thin air!
The puff of flame misses you.
You miss something.
You feel very sick.
You hear some strange, mumbled words.
A magic dart appears from out of thin air!
The magic dart hits you!
* * * LOW HITPOINT WARNING * * *
Something hits you.
* * * LOW HITPOINT WARNING * * *
You are more poisoned.
You hit something.
* * * LOW HITPOINT WARNING * * *
You feel very sick.
Unknown command.
You hit something.
You die...

... ########## .....
..@....$.#######.....
########{##..........
#@##.......... #.##..........
#.##.......... #.##..........
##### #......######
#########...# #...........####
........#...# #......†........
##...##.#...#####......###.####
.'...'......'...............>#


There were no monsters in sight!

Vanquished Creatures
  A vampire bat (D:2)
  Jessica (D:2)
  An adder (D:1)
  An ooze (D:1)
  2 worms (D:2)
  4 dart slugs (D:1)
  A leopard gecko (D:1)
  2 bat skeletons (D:2)
  4 bat zombies (D:2)
  8 goblins
  5 hobgoblins
  9 jackals
  A quokka (D:2)
  2 ball pythons (D:2)
  4 bats
  8 frilled lizards
  3 kobolds
  2 rats (D:1)
59 creatures vanquished.

Notes
Turn   | Place    | Note
-------+----------+-------------------------------------------
     0 | D:1      | Peloso the Demonspawn Fighter began the quest for the Orb.
     0 | D:1      | Reached XP level 1. HP: 18/18 MP: 1/1
   123 | D:1      | Gained mutation: Your flesh is heat resistant. (rF+)
                  | [demonic ancestry]
   123 | D:1      | Reached XP level 2. HP: 7/24 MP: 2/2
   459 | D:1      | Gained mutation: You regenerate a little health from kills.
                  | [demonic ancestry]
   459 | D:1      | Reached XP level 3. HP: 22/29 MP: 3/3
  1010 | D:2      | Found an ornate altar of the Wu Jian Council.
  1036 | D:2      | Noticed Jessica
  1044 | D:2      | Killed Jessica
  1044 | D:2      | Gained mutation: You regenerate health from kills. [demonic
                  | ancestry]
  1044 | D:2      | Reached XP level 4. HP: 9/36 MP: 4/4
  1264 | D:2      | Found a sacrificial altar of Ru.
  1468 | D:2      | Found an ancient bone altar of Kikubaaqudgha.
  1482 | D:2      | Reached XP level 5. HP: 42/42 MP: 5/5
  1641 | D:2      | Noticed Sigmund
  1660 | D:2      | HP: 1/42 [poisoned by Sigmund]
  1666 | D:2      | HP: 2/42 [poisoned by Sigmund]
  1667 | D:2      | Succumbed to Sigmund's poison

Illustrated notes

Levels and vault maps discovered:
D:1:      onia_arrival_mini_spirals, layout_basic, minmay_octomino_e4
D:2:      layout_basic, lemuel_doored_altar, kennysheep_vampire_church,
          nicolae_ru_awakened_eye, uniq_sigmund, uniq_jessica

Skill      XL: |  1  2 |
---------------+-------+-----
Shields        | 3 |  3.5
Long Blades    | 2 |  2.7
Armour         | 3 |  3.5
Fighting       | |  3.6
Dodging        | |  0.5

Action                   |  1- 3 |  4- 6 || total
-------------------------+-------+-------++-------
Melee: Long sword        |   129 |    95 ||   224
  Use: Scroll            |     5 |     1 ||     6
       Potion            |       |     5 ||     5
Armor: Scale mail        |    79 |    48 ||   127
Dodge: Dodged            |    40 |    32 ||    72
Block: Kite shield       |    83 |    58 ||   141
       Rpst.: Long sword |    11 |    10 ||    21

Table legend: (Time is in decaauts)
 A = Elapsed time spent in this place.
 B = Non-inter-level travel time spent in this place.
 C = Inter-level travel time spent in this place.
 D = Time resting spent in this place.
 E = Time spent auto-exploring this place.
 F = Levels seen in this place.
 G = Mean time per level.
                   A        B        C        D        E       F      G
               +--------+--------+--------+--------+--------+-----+--------+
         Total |   1749 |   1732 |     17 |    193 |    919 |   2 |  874.5 |
       Dungeon |   1749 |   1732 |     17 |    193 |    919 |   2 |  874.5 |
               +--------+--------+--------+--------+--------+-----+--------+

Top non-repeatable levels by time:
     D:1: 982 daAuts
     D:2: 766 daAuts
